 Dungeon Crawl Stone Soup version 0.28-a0-697-g47f3eba078 (webtiles) character file.

Game seed: 18209231898904696936

256 Rennog the Skirmisher (level 6, -2/57 HPs)
             Began as a Hill Orc Fighter on Oct 23, 2021.
             Slain by an ogre (23 damage)
             ... on level 5 of the Dungeon.
             The game lasted 00:05:47 (4437 turns).

Rennog the Skirmisher (Hill Orc Fighter)            Turns: 4437, Time: 00:05:48

Health: -2/57      AC: 10    Str: 20    XL:     6   Next: 16%
Magic:  6/6        EV:  7    Int:  8    God:
Gold:   62         SH:  4    Dex: 11    Spells: 5/5 levels left

rFire   . . .      SeeInvis .   a - +0 war axe
rCold   . . .      Faith    .   c - +0 buckler
rNeg    . . .      Spirit   .   m - +0 chain mail
rPois   .          Reflect  .   (no helmet)
rElec   .          Harm     .   r - +0 cloak
rCorr   .          Rampage  .   (no gloves)
Will    .....                   (no boots)
Stlth   ..........              (no amulet)
HPRegen 0.19/turn               (no ring)
MPRegen 0.10/turn               (no ring)

@: mighty
A: no striking features
a: Convert to Beogh


You were on level 5 of the Dungeon.
You visited 1 branch of the dungeon, and saw 5 of its levels.

You collected 62 gold pieces.

Inventory:

Hand Weapons
 a - a +0 war axe (weapon)
Armour
 b - a +0 scale mail
 c - a +0 buckler (worn)
 m - a +0 chain mail (worn)
 r - a +0 cloak (worn)
Wands
 n - a wand of mindburst (13)
Scrolls
 f - 5 scrolls of identify {unknown}
 h - 2 scrolls of teleportation {unknown}
 i - a scroll of vulnerability {unknown}
 p - 3 scrolls of enchant armour {unknown}
 q - a scroll of immolation {unknown}
 s - a scroll of noise {unknown}
Potions
 e - 2 potions of berserk rage {unknown}
 g - 2 potions of heal wounds {unknown}
 j - a potion of magic {unknown}
 k - a potion of haste {unknown}
 l - a potion of brilliance {unknown}
 o - a potion of curing {unknown}


   Skills:
 * Level 5.9 Fighting
 * Level 5.7 Axes
 + Level 3.7 Armour
 - Level 1.0 Dodging
 - Level 3.2 Shields


You had 5 spell levels left.
You didn't know any spells.
Your spell library contained the following spells:

 Spells                   Type           Power      Damage    Failure   Level
 Beastly Appendage        Tmut           0%         N/A       99%         1
 Ensorcelled Hibernation  Hex/Ice        0%         N/A       100%        2
 Wereblood                Tmut           0%         N/A       100%        2
 Call Canine Familiar     Summ           0%         N/A       100%        3
 Portal Projectile        Hex/Tloc       0%         N/A       100%        3
 Spider Form              Tmut/Pois      0%         N/A       100%        3
 Tukima's Dance           Hex            0%         N/A       100%        3
 Leda's Liquefaction      Hex/Erth       0%         N/A       100%        4


Dungeon Overview and Level Annotations

Branches:
Dungeon (5/15)
 Temple: D:4-7

Altars:
Trog

Annotations:
D:3 1 runed translucent door, Crazy Yiuf


Message History

An ice beast comes into view.
An ogre comes into view. It is wielding a +0 giant spiked club.
Found 5 gold pieces.
The ogre shouts!
The ogre barely misses you.
Found a scroll labelled HOTUXAL UWAP.
Found a scroll labelled UFUTRAEVIT.
A hound comes into view.
The hound barks!
Found 13 gold pieces.
The hound bites you. The hound bites you but does no damage.
The hound bites you but does no damage.
Found a robe.
The hound barely misses you.
An iguana comes into view.
An orc comes into view. It is wielding a +0 mace.
The hound bites you.
A centaur skeleton comes into view.
Found a scroll labelled ZIC ORUTZASU.
The centaur skeleton closely misses you.
The centaur skeleton kicks you but does no damage.
An orc priest comes into view. It is wielding a +0 short sword.
You feel very mighty all of a sudden.
The orc priest shouts, "Beogh is our master!
Accept the truth or die!" (press Y on the ability menu to convert to Beogh)
The orc priest shouts!
The hound barely misses you. The centaur skeleton barely misses you.
The centaur skeleton kicks you. The hound bites you but does no damage.
The centaur skeleton hits you but does no damage.
The centaur skeleton kicks you but does no damage.
You hit the hound.
The hound is moderately wounded.
You slash the ogre!
The orc priest shouts, "Surrender to Beogh and we'll let you live!"
You slash the centaur skeleton! The hound bites you.
You block the centaur skeleton's attack.
The centaur skeleton kicks you but does no damage.
A ball python comes into view.
The hound bites you but does no damage.
The ogre hits you with a +0 giant spiked club!!
You die...

#.#............# #<
.........#.###..###
#.......#### ..## #
###.......# .$#
###.#...# .#
###...#
######....##.
?.#.##Z#O.........[
.......@h..$......#
.......l.##....##.#
......o........#
..#
..............## ..
................
.......o......##.
..........#...#
.......S..##...


You could see an ogre, an iguana, a hound, an orc priest, an orc, a ball python
(wandering) and a centaur skeleton.

Vanquished Creatures
  A necrophage (D:4)
  A hound (D:4)
  7 adders
  A worm (D:2)
  2 dart slugs
  5 bats
  3 endoplasms
  2 giant cockroaches
  13 goblins
  10 hobgoblins
  5 jackals (D:3)
  3 kobolds
  2 quokkas
  8 ball pythons
  A frilled lizard (D:2)
  5 rats
69 creatures vanquished.

Notes
Turn   | Place    | Note
-------+----------+-------------------------------------------
     0 | D:1      | Rennog the Hill Orc Fighter began the quest for the Orb.
     0 | D:1      | Reached XP level 1. HP: 19/19 MP: 1/1
   220 | D:1      | Reached XP level 2. HP: 19/27 MP: 2/2
   639 | D:1      | Found Zett's Weapon Boutique.
   653 | D:1      | Reached XP level 3. HP: 34/34 MP: 3/3
   721 | D:1      | Found a faded altar of an unknown god.
  1396 | D:2      | Reached XP level 4. HP: 37/41 MP: 4/4
  2368 | D:3      | Noticed an ogre
  2656 | D:3      | Reached skill level 5 in Fighting
  2714 | D:3      | Found a runed translucent door.
  2715 | D:3      | Noticed Crazy Yiuf
  2755 | D:3      | Reached skill level 1 in Dodging
  2824 | D:3      | Reached XP level 5. HP: 48/48 MP: 5/5
  3190 | D:4      | Found a bloodstained altar of Trog.
  3192 | D:4      | Noticed a necrophage
  3208 | D:4      | Killed a necrophage
  3209 | D:4      | Reached skill level 5 in Axes
  3392 | D:4      | Reached XP level 6. HP: 52/57 MP: 6/6
  4409 | D:5      | Entered Level 5 of the Dungeon
  4410 | D:5      | Noticed an ice beast
  4437 | D:5      | Slain by an ogre

Illustrated notes

Levels and vault maps discovered:
D:1:      dpeg_cavernosity, layout_basic,
          shapermc_ecumenical_altar_starsandcircs, serial_shops, shop_statue,
          minmay_strange_pillars
D:2:      layout_basic, minmay_misc_feat_tiny
D:3:      layout_basic, uniq_crazy_yiuf_cottage
D:4:      layout_basic, kennysheep_orc_sif_temple, mainiacjoe_overflow_alcove_1,
          nicolae_overflow_hidden_temple, minitemple,
          minmay_temple_entry_sparse_star, st_stairs_14,
          kennysheep_generic_room_10
D:5:      layout_cave_pools, mainiacjoe_overflow_small_starburst,
          cheibrodos_sewer_entry_sluice

Skill      XL: |  1  2  3  4  5 |
---------------+----------------+-----
Axes           | 3 4 5 |  5.7
Fighting       | 4 5 |  5.9
Dodging        | 1 |  1.0
Armour         | |  3.7
Shields        | |  3.2

Action                   |  1- 3 |  4- 6 || total
-------------------------+-------+-------++-------
Melee: War axe           |    90 |   145 ||   235
  Use: Potion            |       |     1 ||     1
Armor: Scale mail        |    40 |    39 ||    79
       Chain mail        |       |    43 ||    43
Dodge: Dodged            |    36 |    65 ||   101
Block: Buckler           |    19 |    35 ||    54

Table legend: (Time is in decaauts)
 A = Elapsed time spent in this place.
 B = Non-inter-level travel time spent in this place.
 C = Inter-level travel time spent in this place.
 D = Time resting spent in this place.
 E = Time spent auto-exploring this place.
 F = Levels seen in this place.
 G = Mean time per level.
                   A        B        C        D        E       F      G
               +--------+--------+--------+--------+--------+-----+--------+
         Total |   4510 |   4168 |    342 |    325 |   2951 |   5 |  902.0 |
       Dungeon |   4510 |   4168 |    342 |    325 |   2951 |   5 |  902.0 |
               +--------+--------+--------+--------+--------+-----+--------+

Top non-repeatable levels by time:
     D:2: 1802 daAuts
     D:3: 1305 daAuts
     D:1: 990 daAuts
     D:4: 385 daAuts
     D:5: 27 daAuts
